 Dungeon Crawl Stone Soup version 0.29-a0-821-g66395355a5 (webtiles) character file.

Game seed: 5792738490802454169

170 kevlar127 the Ruffian (level 5, -2/53 HPs)
             Began as a Troll Berserker on July 7, 2022.
             Was a Believer of Trog.
             Slain by a gnoll
             ... wielding a +0 halberd
              (12 damage)
             ... on level 4 of the Dungeon.
             The game lasted 00:03:55 (2262 turns).

kevlar127 the Ruffian (Troll Berserker)             Turns: 2262, Time: 00:03:56

Health: -2/53      AC:  4    Str: 27    XL:     5   Next: 26%
Magic:  4/4        EV: 10    Int:  9    God:    Trog [**....]
Gold:   186        SH:  0    Dex: 15    Spells: 4/4 levels left

rFire   . . .      SeeInvis .     - Unarmed
rCold   . . .      Faith    .   (no shield)
rNeg    . . .      Spirit   .   a - +0 animal skin
rPois   .          Reflect  .   (helmet restricted)
rElec   .          Harm     .   (no cloak)
rCorr   .          Rampage  .   (gloves unavailable)
Will    ++...                   (boots unavailable)
Stlth   +.........              (no amulet)
HPRegen 1.97/turn               b - +6 ring of dexterity
MPRegen 0.09/turn               d - +6 ring of intelligence

@: lethally poisoned (-2 -> -3), strong-willed, regenerating
A: large, unfitting armour, claws 3, regeneration 1, shaggy fur 1, tough skin 1
a: Renounce Religion, Berserk, Trog's Hand


You were on level 4 of the Dungeon.
You worshipped Trog.
Trog was pleased with you.
You visited 1 branch of the dungeon, and saw 4 of its levels.

You collected 186 gold pieces.

Inventory:

Missiles
 i - 38 stones (quivered)
 m - 5 datura-tipped darts
Armour
 a - a +0 animal skin (worn)
Jewellery
 b - a +6 ring of dexterity (left claw)
 d - a +6 ring of intelligence (right claw)
Scrolls
 c - 3 scrolls of teleportation {unknown}
 f - 4 scrolls of identify {unknown}
 k - a scroll of fear {unknown}
 l - a scroll of poison {unknown}
 n - a scroll of enchant weapon {unknown}
 q - a scroll of blinking {unknown}
 r - a scroll of noise {unknown}
 t - a scroll of vulnerability {unknown}
 u - a scroll of magic mapping {unknown}
Potions
 e - 2 potions of curing {unknown}
 g - 3 potions of mutation {unknown}
 h - a potion of magic {unknown}
 j - a potion of cancellation {unknown}
 o - a potion of invisibility {unknown}
 p - 3 potions of attraction {unknown}
 s - a potion of degeneration {unknown}


   Skills:
 + Level 3.5 Fighting
 + Level 1.3 Throwing
 - Level 3.0 Dodging
 + Level 4.2 Unarmed Combat


You had 4 spell levels left.
You didn't know any spells.
Your spell library was empty.

Dungeon Overview and Level Annotations

Branches:
Dungeon (4/15)
 Temple: D:4-7

Altars:
Ru

Shops:
D:2 :


Innate Abilities, Weirdness & Mutations

You are too large for most types of armour.
You have claws for hands.
Your natural rate of healing is unusually fast.
You are covered in fur. (AC +1)
You have tough skin. (AC +1)


Message History

You claw the gnoll!
You kill the gnoll!
Trog accepts your kill.
The gnoll hits you from afar with a +0 spear!
The gnoll closely misses you.
An adder comes into view.
The gnoll hits you but does no damage. The gnoll closely misses you.
Things that are here:
a +0 whip; a throwing net; a gnoll corpse You scratch the gnoll.
The gnoll is moderately wounded.
The gnoll closely misses you. The gnoll hits you with a +0 spear.
The gnoll hits you with a +0 halberd!
You are too injured to fight recklessly!
You are too injured to fight recklessly!
You are too injured to fight recklessly!
You are too injured to fight recklessly!
You are too injured to fight recklessly!
Unknown command.
Your skin crawls.
You feel strong-willed. The gnoll misses you.
The gnoll hits you with a +0 spear. The gnoll misses you.
Unknown command.
The gnoll attacks as you move away! The gnoll misses you.
The gnoll hits you from afar with a +0 spear!
* * * LOW HITPOINT WARNING * * *
The gnoll closely misses you. The adder attacks as you move away!
The adder bites you but does no damage.
Things that are here:
a +0 flail; a +0 scale mail; an orc corpse The gnoll attacks as you move away!
The gnoll hits you with a +0 club.
* * * LOW HITPOINT WARNING * * *
The adder barely misses you. The adder bites you.
* * * LOW HITPOINT WARNING * * *
You are poisoned.
The adder poisons you!
You feel sick. The gnoll hits you with a +0 club.
* * * LOW HITPOINT WARNING * * *
The gnoll hits you from afar with a +0 halberd!
You die...

#..# #...# # ...#+#
#..?# #.#..
##$†###### ###.#.#
####......... #.....#
#.......##### #...)!#
#.....#......
#....g##
##..##...#####
##...gSg####..####.##
# #........@..†.##
#.#
#.#.....###########.#
#......## #......#
#.###.## #.###### #.#
## #.# #.# #.# #.#
#.# #.# ### #.#
#.###.## ##.##


You could see 3 gnolls and an adder.

Vanquished Creatures
  4 gnolls (D:4)
  5 adders
  A worm (D:4)
  A dart slug (D:2)
  9 orcs
  7 bats
  3 endoplasms
  11 hobgoblins
  3 jackals (D:2)
  7 ball pythons
  3 frilled lizards
  8 goblins
  7 kobolds
  2 rats (D:2)
71 creatures vanquished.

Vanquished Creatures (others)
  4 plants (D:3)
4 creatures vanquished.

Grand Total: 75 creatures vanquished

Notes
Turn   | Place    | Note
-------+----------+-------------------------------------------
     0 | D:1      | kevlar127 the Troll Berserker began the quest for the Orb.
     0 | D:1      | Reached XP level 1. HP: 22/22 MP: 0/0
   255 | D:1      | Reached XP level 2. HP: 29/29 MP: 1/1
   886 | D:2      | Reached ** piety under Trog
   988 | D:2      | Reached XP level 3. HP: 34/36 MP: 2/2
  1033 | D:2      | Found Kinac's Book Shoppe.
  1623 | D:3      | Reached XP level 4. HP: 45/45 MP: 3/3
  1638 | D:3      | Found a faded altar of an unknown god.
  1742 | D:3      | Identified the +6 quarterstaff "Ackis" {protect, SInv}
  1867 | D:3      | Found a sacrificial altar of Ru.
  2007 | D:4      | Reached skill level 4 in Unarmed Combat
  2100 | D:4      | Reached skill level 1 in Throwing
  2129 | D:4      | Reached XP level 5. HP: 50/53 MP: 4/4
  2255 | D:4      | Reached *** piety under Trog
  2262 | D:4      | Slain by a gnoll

Illustrated notes

Levels and vault maps discovered:
D:1:      nzn_arrival_crosshair, layout_basic
D:2:      layout_basic, serial_shops, shop
D:3:      layout_rooms, nicolae_ru_the_path_less_chosen,
          shapermc_ecumenical_altar_rom_forum
D:4:      layout_loops_ring, serial_shops, nicolae_shop_crystal,
          minmay_joined_circles

Skill      XL: |  1  2  3  4 |
---------------+-------------+-----
Fighting       | 3 |  3.5
Dodging        | 3 |  3.0
Unarmed Combat | 4 |  4.2
Throwing       | 1 |  1.3

Action                   |  1- 3 |  4- 6 || total
-------------------------+-------+-------++-------
Melee: Unarmed           |   112 |    59 ||   171
       Punch             |       |     1 ||     1
Invok: Trog's Hand       |       |     1 ||     1
 Stab: Sleeping          |     1 |       ||     1
       Distracted        |       |     1 ||     1
Armor: Animal skin       |    39 |    14 ||    53
Dodge: Dodged            |    66 |    31 ||    97

Table legend: (Time is in decaauts)
 A = Elapsed time spent in this place.
 B = Non-inter-level travel time spent in this place.
 C = Inter-level travel time spent in this place.
 D = Time resting spent in this place.
 E = Time spent auto-exploring this place.
 F = Levels seen in this place.
 G = Mean time per level.
                   A        B        C        D        E       F      G
               +--------+--------+--------+--------+--------+-----+--------+
         Total |   2249 |   2065 |    184 |      0 |   1684 |   4 |  562.2 |
       Dungeon |   2249 |   2065 |    184 |      0 |   1684 |   4 |  562.2 |
               +--------+--------+--------+--------+--------+-----+--------+

Top non-repeatable levels by time:
     D:1: 860 daAuts
     D:2: 674 daAuts
     D:3: 406 daAuts
     D:4: 308 daAuts
